Map: Orbital Shipyard

Players

CunningStunt - Winner!

  • Race: Protoss Protoss
  • League: Gold

BlackDragonS

  • Race: Terran Terran
  • League: Gold

VOD

Have the link to the VOD?

Description

Time

  • Played on: Sept. 4, 2015, 2:54 a.m.
  • Length: 11:06
Show
View Real Time Build Order
Export as new Build Order

CunningStunt Protoss - Winner!

Build Orders: 1 Gate Expand 

Get SALT Encoding   

  12  0:01  Probe (Chrono Boost)  
  13  0:14  Pylon  
  13  0:20  Probe (Chrono Boost)  
  14  0:30  Probe (Chrono Boost)  
  14  0:34  Gateway  
  15  0:40  Probe (Chrono Boost)  
  16  0:50  Probe (Chrono Boost)  
  17  1:00  Probe (Chrono Boost)  
  18  1:10  Probe (Chrono Boost)  
  19  1:19  Nexus  
  19  1:21  Probe (Chrono Boost)  
  20  1:31  Probe (Chrono Boost)  
  21  1:34  Cybernetics Core  
  21  1:41  Probe (Chrono Boost)  
  22  1:49  Assimilator  
  22  1:52  Probe (Chrono Boost), Pylon  
  23  1:56  Assimilator  
  23  2:04  Probe (Chrono Boost)  
  23  2:14  Probe (Chrono Boost)  
  24  2:28  Gateway  
  24  2:29  Gateway  
  24  2:30  Probe (Chrono Boost)  
  24  2:31  Probe (Chrono Boost)  
  24  2:32  Pylon  
  26  2:40  Probe (Chrono Boost)  
  26  2:42  Warp Gate  
  27  2:47  Mothership Core (Chrono Boost)  
  27  2:51  Probe (Chrono Boost)  
  30  3:01  Probe (Chrono Boost)  
  30  3:02  Adept  
  30  3:05  Probe (Chrono Boost)  
  34  3:09  Gateway  
  34  3:11  Probe (Chrono Boost)  
  35  3:15  Probe (Chrono Boost)  
  35  3:18  Adept  
  38  3:20  Adept  
  38  3:23  Probe (Chrono Boost)  
  38  3:27  Probe (Chrono Boost)  
  42  3:34  Adept  
  44  3:43  Probe x2 (Chrono Boost), Robotics Facility  
  46  3:53  Probe x2 (Chrono Boost)  
  46  3:55  Pylon  
  47  4:03  Probe (Chrono Boost)  
  47  4:09  Probe (Chrono Boost)  
  49  4:13  Probe (Chrono Boost)  
  49  4:14  Assimilator  
  50  4:19  Probe (Chrono Boost)  
  50  4:20  Assimilator  
  50  4:22  Pylon  
  50  4:23  Probe (Chrono Boost)  
  52  4:24  Pylon  
  52  4:30  Probe (Chrono Boost)  
  53  4:32  Warp Prism (Chrono Boost)  
  55  4:53  Nexus  
  55  5:04  Adept x2, Observer (Chrono Boost)  
  55  5:05  Adept x2  
  64  5:11  Probe  
  64  5:13  Probe  
  66  5:20  Twilight Council  
  66  5:21  Probe  
  66  5:22  Immortal (Chrono Boost), Pylon  
  66  5:25  Probe  
  72  5:29  Pylon  
  72  5:32  Probe  
  72  5:34  Stalker x2  
  77  5:45  Pylon  
  77  5:49  Pylon  
  77  5:50  Probe  
  77  5:52  Probe  
  77  5:54  Immortal (Chrono Boost)  
  83  5:57  Pylon  
  83  6:00  Probe  
  84  6:04  Probe  
  84  6:05  Probe, Assimilator  
  84  6:10  Probe, Assimilator  
  86  6:16  Probe  
  86  6:17  Gateway  
  88  6:19  Gateway  
  88  6:20  Gateway  
  88  6:23  Gateway  
  88  6:24  Pylon  
  88  6:25  Probe x2, Adept x2  
  92  6:27  Observer (Chrono Boost)  
  95  6:34  Adept x2  
  99  6:42  Probe  
  99  6:43  Probe  
  99  6:44  Probe  
  99  6:45  Immortal (Chrono Boost)  
  106  6:53  Probe  
  104  6:56  Probe  
  104  6:59  Adept x4  
  109  7:05  Shield Upgrade  
  107  7:10  Probe x2  
  107  7:12  Probe  
  109  7:20  Probe  
  110  7:24  Probe  
  111  7:33  Adept x3  
  111  7:34  Adept x2  
  121  7:40  Immortal (Chrono Boost)  
  125  7:45  Templar Archives  
  125  7:47  Pylon  
  125  7:49  Pylon  
  113  7:59  Probe x2  
  113  8:01  Probe  
  116  8:10  Pylon  
  116  8:13  Pylon  
  116  8:14  Gateway  
  116  8:16  Charge  
  116  8:18  Gateway  
  116  8:20  Pylon  
  116  8:23  Immortal (Chrono Boost)  
  116  8:24  Pylon x2  
  120  8:28  Psionic Storm  
  120  8:35  Adept x5  
  120  8:36  Adept x3  
  132  8:59  Observer  
  131  9:21  Observer  
  130  9:43  Immortal  
  130  9:45  High Templar x5  
  138  9:47  High Templar  
  138  9:48  High Templar  
  138  9:50  Archon x2  
  146  10:08  Gateway  
  146  10:09  Forge  
  146  10:11  Forge  
  144  10:23  Probe x2  
  144  10:24  Probe  
  147  10:30  Zealot x4  
  147  10:31  Zealot x4  
  147  10:33  Probe  
  164  10:37  Probe  
  155  10:51  Zealot x2  
  155  10:52  Zealot x4  
Show
View Real Time Build Order
Export as new Build Order

BlackDragonS Terran 

Build Orders: MMM Bio 

Get SALT Encoding   

  12  0:01  SCV  
  13  0:13  SCV  
  14  0:22  Supply Depot  
  14  0:25  SCV  
  15  0:43  SCV  
  15  0:45  Barracks  
  15  0:48  Refinery  
  16  0:55  SCV  
  17  1:00  Barracks  
  17  1:08  SCV  
  18  1:20  SCV  
  19  1:33  Marine  
  19  1:34  Supply Depot, Orbital Command  
  20  1:47  Marine  
  20  1:53  Marine  
  22  2:00  Factory  
  22  2:02  SCV  
  22  2:05  Refinery  
  23  2:13  Marine  
  23  2:14  Marine  
  26  2:15  SCV  
  26  2:20  Supply Depot  
  26  2:30  SCV  
  26  2:33  Barracks Reactor, Barracks Tech Lab  
  27  2:42  SCV  
  28  2:48  Starport  
  28  2:49  Hellion  
  30  2:54  SCV  
  31  2:59  Supply Depot  
  31  3:06  SCV  
  31  3:12  Marine x2  
  34  3:14  Stimpack  
  34  3:17  Marauder  
  37  3:20  SCV  
  37  3:31  Medivac  
  37  3:33  SCV  
  40  3:39  Marauder  
  42  3:51  Command Center  
  42  4:02  SCV  
  41  4:03  Marine x2  
  41  4:04  Widow Mine  
  41  4:05  Marauder  
  47  4:12  Supply Depot  
  47  4:28  Engineering Bay  
  47  4:30  Engineering Bay  
  47  4:33  SCV  
  48  4:39  Marine x2  
  48  4:40  Barracks  
  48  4:44  Factory Tech Lab  
  50  4:45  SCV  
  51  4:57  SCV  
  47  5:00  Marine x2  
  47  5:03  Terran Infantry Weapons Level 1  
  47  5:04  Terran Infantry Armor Level 1  
  49  5:07  Orbital Command  
  49  5:10  SCV  
  50  5:22  SCV  
  51  5:33  SCV  
  51  5:34  SCV  
  51  5:35  Barracks Tech Lab  
  53  5:36  Widow Mine  
  53  5:38  Armory, Refinery  
  53  5:41  Refinery  
  55  5:45  SCV  
  55  5:49  Barracks  
  56  5:52  SCV  
  57  5:57  SCV  
  57  5:59  Concussive Shells  
  57  6:01  Marauder, Marine x2  
  57  6:03  Combat Shields  
  62  6:04  SCV  
  62  6:08  Supply Depot  
  62  6:09  SCV  
  64  6:26  SCV x2  
  64  6:29  Marine  
  67  6:36  Command Center  
  67  6:38  Drilling Claws, Widow Mine  
  69  6:40  Barracks Reactor, Marauder  
  69  6:41  Marine  
  69  6:43  Marauder  
  74  6:47  Marine  
  74  6:49  Barracks  
  75  6:54  Starport Reactor  
  75  6:59  SCV x2, Marine  
  78  7:05  Command Center  
  78  7:07  Marine  
  78  7:12  SCV  
  78  7:14  Terran Infantry Weapons Level 2, Terran Infantry Armor Level 2  
  78  7:20  SCV  
  78  7:21  Supply Depot x2  
  79  7:29  Marauder, Marine x2  
  85  7:30  Marauder  
  80  7:56  Marine x3  
  80  7:57  Marauder  
  81  8:07  Command Center, Marine  
  81  8:08  Command Center, Marauder  
  81  8:11  Barracks Tech Lab  
  84  8:14  Marine  
  84  8:18  Missile Turret x3  
  84  8:19  Missile Turret  
  85  8:22  Missile Turret  
  85  8:24  SCV x2  
  85  8:25  Marine x2  
  85  8:26  Marauder, Marine  
  92  8:29  Missile Turret  
  92  8:35  Missile Turret  
  92  8:40  Marine x2  
  94  8:43  Medivac  
  94  8:44  Medivac  
  94  8:46  Planetary Fortress  
  94  8:47  SCV  
  94  8:48  SCV  
  95  9:01  Marine  
  95  9:02  Marauder x2, Widow Mine, Marine x2  
  96  9:19  Marine x2  
  96  9:20  Marauder, Marine  
  96  9:21  Medivac x2  
  105  9:33  Factory x2  
  103  9:44  Marauder, Marine x2  
  103  9:45  SCV x3  
  110  9:48  Orbital Command  
  110  9:57  SCV x3  
  113  10:08  Planetary Fortress  
  113  10:09  SCV x3  
  113  10:13  Marine x2  
  110  10:21  SCV x2  
  110  10:22  Factory Reactor  
  110  10:23  Widow Mine x2  
  116  10:32  Missile Turret  
  116  10:33  Refinery  
  96  10:45  Marine  
Tags
 
Add a new tag
Caveats
  • Supply blocks, unpowered buildings, or Contaminate may cause inaccurate times.
  • Supply counts are checked every 10 seconds.